TOP OF THE 1ST |
Pittsburgh Panthers batting - Pitching for Oklahoma Sooners : RHP Jack Reilly
|
Pitching: RHP Jack Reilly
|
|
Batting: RHB Roy Stevens
|
0-0: Called Strike 0-1: Ball 1-1: Ball 2-1: Called Strike 2-2: DOUBLE (Line Drive, 7LM)
|
Batting: LHB Jason Cooke
|
0-0: Ball 1-0: Ball 2-0: Called Strike 2-1: Ball 3-1: Base on Balls
|
Batting: SHB Ward Jacobs
|
0-0: Foul Ball, location: 2F 0-1: Ball 1-1: SINGLE (Groundball, 4D) Roy Stevens to third Jason Cooke to second Throwing error, E8 Roy Stevens scores Jason Cooke to third Ward Jacobs to second
|
Batting: RHB David Leslie
|
0-0: Fly out, F6 (Line Drive, 6M)
|
Batting: SHB Rick Vargas
|
0-0: Called Strike 0-1: Ball 1-1: Foul Ball, location: 2F 1-2: Strikes out looking
|
Batting: RHB Roberto Trejo
|
0-0: Ground out 6-3 (Groundball, 6)
|
Top of the 1st over - 1 run, 2 hits, 1 error, 2 left on base; Pittsburgh 1 - Oklahoma 0 |
BOTTOM OF THE 1ST |
Oklahoma Sooners batting - Pitching for Pittsburgh Panthers : RHP Malcolm Anderson
|
Pitching: RHP Malcolm Anderson
|
|
Batting: RHB Matt Snow
|
0-0: Called Strike 0-1: SINGLE (Groundball, 56) (infield hit)
|
Batting: RHB Joe Daybell
|
0-0: Fielders Choice at 2nd, 4-6 (Groundball, 4)
|
Now at SS: Dewey Tyree
|
|
Batting: LHB Mark Smith
|
0-0: Ball 1-0: Ball 2-0: Ball 3-0: Called Strike 3-1: Base on Balls Joe Daybell to second
|
Batting: RHB Bryant Caldwell
|
0-0: Ball 1-0: Ball 2-0: Ball 3-0: Base on Balls Joe Daybell to third Mark Smith to second
|
Batting: LHB Bryce Walton
|
0-0: Ball 1-0: Ball 2-0: Ball 3-0: Base on Balls Joe Daybell scores Mark Smith to third Bryant Caldwell to second
|
Batting: LHB Joe Dunn
|
0-0: Ball 1-0: Called Strike 1-1: Fly out, F9 (Flyball, 89S) Runner from 3rd tags up, SCORES, no throw
|
Batting: RHB Joe Hughes
|
0-0: Ground out U3 (Groundball, 34)
|
Bottom of the 1st over - 2 runs, 1 hit, 0 errors, 2 left on base; Pittsburgh 1 - Oklahoma 2 |
TOP OF THE 2ND |
Pittsburgh Panthers batting - Pitching for Oklahoma Sooners : RHP Jack Reilly
|
Batting: SHB Jackson Clark
|
0-0: Called Strike 0-1: Ball 1-1: Ball 2-1: SINGLE (Groundball, 34S) (infield hit)
|
Batting: RHB Dewey Tyree
|
0-0: Called Strike 0-1: Foul Ball, location: 2F 0-2: Fielders Choice at 2nd, 6-4 (Groundball, 6M)
|
Batting: SHB Sam Hicks
|
0-0: Fly out, F3 (Line Drive, 34)
|
Batting: RHB Roy Stevens
|
0-0: 2-RUN HOME RUN (Flyball, 7LD), Distance : 332 ft
|
Batting: LHB Jason Cooke
|
0-0: Called Strike 0-1: Ball 1-1: Foul Ball, location: 2F 1-2: Ball 2-2: Ball 3-2: Base on Balls
|
Batting: SHB Ward Jacobs
|
0-0: Ball Throwing error on steal attempt, E2 Jason Cooke to third 1-0: Ball 2-0: Called Strike 2-1: Called Strike 2-2: Strikes out swinging
|
Top of the 2nd over - 2 runs, 2 hits, 1 error, 1 left on base; Pittsburgh 3 - Oklahoma 2 |
BOTTOM OF THE 2ND |
Oklahoma Sooners batting - Pitching for Pittsburgh Panthers : RHP Malcolm Anderson
|
Batting: RHB Curt Brown
|
0-0: Ball 1-0: Ball 2-0: Called Strike 2-1: Ball 3-1: Base on Balls
|
Batting: RHB Irving MacIntyre
|
0-0: Ball 1-0: Foul Ball, location: 2F 1-1: Foul Ball, location: 2F 1-2: Ball 2-2: Grounds into double play, 4-6-3 (Groundball, 4)
|
Batting: RHB Matt Snow
|
0-0: Called Strike 0-1: Called Strike 0-2: Strikes out swinging
|
Bottom of the 2nd over - 0 runs, 0 hits, 0 errors, 0 left on base; Pittsburgh 3 - Oklahoma 2 |
TOP OF THE 3RD |
Pittsburgh Panthers batting - Pitching for Oklahoma Sooners : RHP Jack Reilly
|
Batting: RHB David Leslie
|
0-0: Foul Ball, location: 2F 0-1: SINGLE (Groundball, 6MD)
|
Batting: SHB Rick Vargas
|
0-0: Ball 1-0: Foul Ball, location: 2F 1-1: Foul Ball, location: 2F 1-2: Foul Ball, location: 2F 1-2: Ball 2-2: Grounds into double play, 4-6-3 (Groundball, 34)
|
Batting: RHB Roberto Trejo
|
0-0: Ball 1-0: Ball 2-0: Called Strike 2-1: Ball 3-1: Called Strike 3-2: Ground out 5-3 (Groundball, 56)
|
Top of the 3rd over - 0 runs, 1 hit, 0 errors, 0 left on base; Pittsburgh 3 - Oklahoma 2 |
BOTTOM OF THE 3RD |
Oklahoma Sooners batting - Pitching for Pittsburgh Panthers : RHP Malcolm Anderson
|
Batting: RHB Joe Daybell
|
0-0: Single, Error in OF, E7, batter to second base
|
Batting: LHB Mark Smith
|
0-0: Swinging Strike 0-1: SINGLE (Groundball, 34D) Joe Daybell to third
|
Batting: RHB Bryant Caldwell
|
0-0: Called Strike 0-1: Fly out, F8 (Flyball, 8LM) Runner from 3rd tags up, OUT at HOME Mark Smith to second
|
Batting: LHB Bryce Walton
|
0-0: Ball 1-0: Ball 2-0: Ball 3-0: Base on Balls
|
Batting: LHB Joe Dunn
|
0-0: Foul Ball, location: 2F 0-1: Ball 1-1: Ball 2-1: 3-RUN HOME RUN (Flyball, 9LD), Distance : 334 ft
|
Batting: RHB Joe Hughes
|
0-0: Ball 1-0: Fly out, F4 (Popup, 4D)
|
Bottom of the 3rd over - 3 runs, 3 hits, 1 error, 0 left on base; Pittsburgh 3 - Oklahoma 5 |
TOP OF THE 4TH |
Pittsburgh Panthers batting - Pitching for Oklahoma Sooners : RHP Jack Reilly
|
Batting: SHB Jackson Clark
|
0-0: Ball 1-0: Ball 2-0: Ball 3-0: Base on Balls
|
Batting: RHB Dewey Tyree
|
0-0: Foul Ball, location: 2F 0-1: Called Strike Jackson Clark steals 2nd base 0-2: Foul Ball, location: 2F 0-2: Ball 1-2: Ball 2-2: Foul Ball, location: 2F 2-2: Strikes out swinging
|
Batting: SHB Sam Hicks
|
0-0: Ball 1-0: Ground out 6-3 (Groundball, 6M) Jackson Clark to third
|
Batting: RHB Roy Stevens
|
0-0: Ball 1-0: Swinging Strike 1-1: Swinging Strike 1-2: Ground out 5-3 (Groundball, 56S)
|
Top of the 4th over - 0 runs, 0 hits, 0 errors, 1 left on base; Pittsburgh 3 - Oklahoma 5 |
BOTTOM OF THE 4TH |
Oklahoma Sooners batting - Pitching for Pittsburgh Panthers : RHP Malcolm Anderson
|
Batting: RHB Curt Brown
|
0-0: Called Strike 0-1: Swinging Strike 0-2: Strikes out swinging
|
Batting: RHB Irving MacIntyre
|
0-0: Foul Ball, location: 2F 0-1: Foul Ball, location: 2F 0-2: SINGLE (Line Drive, 7S)
|
Batting: RHB Matt Snow
|
0-0: Ball 1-0: Ground out U3 (Groundball, 34) Irving MacIntyre to second
|
Batting: RHB Joe Daybell
|
0-0: Ball 1-0: DOUBLE (Groundball, 3L) Irving MacIntyre scores
|
Pitching: RHP José García
|
|
Batting: LHB Mark Smith
|
0-0: Swinging Strike 0-1: Fly out, F2 (Popup, 2R)
|
Bottom of the 4th over - 1 run, 2 hits, 0 errors, 1 left on base; Pittsburgh 3 - Oklahoma 6 |
TOP OF THE 5TH |
Pittsburgh Panthers batting - Pitching for Oklahoma Sooners : RHP Jack Reilly
|
Batting: LHB Jason Cooke
|
0-0: Ball 1-0: Called Strike 1-1: Ball 2-1: Foul Ball, location: 2F 2-2: Fly out, F2 (Popup, 23F)
|
Batting: SHB Ward Jacobs
|
0-0: Called Strike 0-1: Called Strike 0-2: Foul Ball, location: 2F 0-2: Foul Ball, location: 2F 0-2: Strikes out swinging
|
Batting: RHB David Leslie
|
0-0: Called Strike 0-1: Foul Ball, location: 2F 0-2: Foul Ball, location: 2F 0-2: Ball 1-2: Ground out 6-3 (Groundball, 6)
|
Top of the 5th over - 0 runs, 0 hits, 0 errors, 0 left on base; Pittsburgh 3 - Oklahoma 6 |
BOTTOM OF THE 5TH |
Oklahoma Sooners batting - Pitching for Pittsburgh Panthers : RHP José García
|
Batting: RHB Bryant Caldwell
|
0-0: Ball 1-0: Ball 2-0: Ball 3-0: Called Strike 3-1: Ground out 1-3 (Groundball, 13S)
|
Batting: LHB Bryce Walton
|
0-0: Ball 1-0: Ball 2-0: Called Strike 2-1: Foul Ball, location: 2F 2-2: Fly out, F4 (Popup, 4M)
|
Batting: LHB Joe Dunn
|
0-0: Swinging Strike 0-1: Ball 1-1: Ball 2-1: SINGLE (Flyball, 78M)
|
Batting: RHB Joe Hughes
|
0-0: Called Strike 0-1: Called Strike 0-2: Ball 1-2: Strikes out swinging
|
Bottom of the 5th over - 0 runs, 1 hit, 0 errors, 1 left on base; Pittsburgh 3 - Oklahoma 6 |
TOP OF THE 6TH |
Pittsburgh Panthers batting - Pitching for Oklahoma Sooners : RHP Jack Reilly
|
Pitching: RHP Casey Henry
|
|
Batting: SHB Rick Vargas
|
0-0: Called Strike 0-1: Ball 1-1: Called Strike 1-2: Fly out, F7 (Flyball, 7D)
|
Batting: RHB Roberto Trejo
|
0-0: Ball 1-0: Foul Ball, location: 2F 1-1: Foul Ball, location: 2F 1-2: Ball 2-2: Ball 3-2: Base on Balls
|
Batting: SHB Jackson Clark
|
0-0: Ball 1-0: Ball 2-0: Ball 3-0: Base on Balls Roberto Trejo to second
|
Batting: RHB Dewey Tyree
|
0-0: Called Strike 0-1: Ball 1-1: Fly out, F7 (Line Drive, 7)
|
Batting: SHB Sam Hicks
|
0-0: Ball 1-0: Foul Ball, location: 2F 1-1: SINGLE (Flyball, 9S) Roberto Trejo to third Jackson Clark to second Runner from 3rd tries for Home, SAFE, no throw
|
Batting: RHB Roy Stevens
|
0-0: Foul Ball, location: 2F 0-1: Ball 1-1: Called Strike 1-2: SINGLE (Groundball, 34D) Jackson Clark to third Sam Hicks to second Runner from 3rd tries for Home, SAFE, no throw
|
Pitching: LHP Mason Kaufman
|
|
Batting: LHB Jason Cooke
|
0-0: Called Strike 0-1: Ball 1-1: Foul Ball, location: 2F 1-2: Ball 2-2: Foul Ball, location: 2F 2-2: Foul Ball, location: 2F 2-2: Ball 3-2: Base on Balls Sam Hicks to third Roy Stevens to second
|
Batting: SHB Ward Jacobs
|
0-0: Ball 1-0: Ball 2-0: Called Strike 2-1: Ball 3-1: Foul Ball, location: 2F 3-2: Foul Ball, location: 2F 3-2: SINGLE (Groundball, 6MD) Sam Hicks scores Roy Stevens to third Jason Cooke to second Roy Stevens scores Jason Cooke to third
|
Batting: RHB David Leslie
|
0-0: Ball 1-0: Called Strike 1-1: Ball 2-1: Foul Ball, location: 2F 2-2: Strikes out looking
|
Top of the 6th over - 4 runs, 3 hits, 0 errors, 2 left on base; Pittsburgh 7 - Oklahoma 6 |
BOTTOM OF THE 6TH |
Oklahoma Sooners batting - Pitching for Pittsburgh Panthers : RHP José García
|
Batting: RHB Curt Brown
|
0-0: Called Strike 0-1: Ball 1-1: Called Strike 1-2: Strikes out looking
|
Batting: RHB Irving MacIntyre
|
0-0: Swinging Strike 0-1: Foul Ball, location: 2F 0-2: Ball 1-2: Strikes out looking
|
Batting: RHB Matt Snow
|
0-0: Foul Ball, location: 2F 0-1: Called Strike 0-2: Ball 1-2: Fly out, F7 (Flyball, 7LS)
|
Bottom of the 6th over - 0 runs, 0 hits, 0 errors, 0 left on base; Pittsburgh 7 - Oklahoma 6 |
TOP OF THE 7TH |
Pittsburgh Panthers batting - Pitching for Oklahoma Sooners : LHP Mason Kaufman
|
Batting: SHB Rick Vargas
|
0-0: Ball 1-0: Called Strike 1-1: Swinging Strike 1-2: Strikes out swinging
|
Batting: RHB Roberto Trejo
|
0-0: Swinging Strike 0-1: Called Strike 0-2: Ball 1-2: Ball 2-2: Strikes out looking
|
Batting: SHB Jackson Clark
|
0-0: Ball 1-0: Foul Ball, location: 2F 1-1: Foul Ball, location: 2F 1-2: Ball 2-2: Ball 3-2: Base on Balls
|
Batting: RHB Dewey Tyree
|
0-0: Called Strike 0-1: Called Strike 0-2: Strikes out swinging
|
Top of the 7th over - 0 runs, 0 hits, 0 errors, 1 left on base; Pittsburgh 7 - Oklahoma 6 |
BOTTOM OF THE 7TH |
Oklahoma Sooners batting - Pitching for Pittsburgh Panthers : RHP José García
|
Batting: RHB Joe Daybell
|
0-0: Ball 1-0: Foul Ball, location: 2F 1-1: Ball 2-1: Foul Ball, location: 2F 2-2: SINGLE (Line Drive, 8LS)
|
Batting: LHB Mark Smith
|
0-0: Ball Joe Daybell is caught stealing 2nd base 1-0: Ball 2-0: Swinging Strike 2-1: Foul Ball, location: 2F 2-2: Foul Ball, location: 2F 2-2: Ground out 6-3 (Groundball, 56)
|
Batting: RHB Bryant Caldwell
|
0-0: Foul Ball, location: 2F 0-1: Ball 1-1: Ball 2-1: Called Strike 2-2: Strikes out looking
|
Bottom of the 7th over - 0 runs, 1 hit, 0 errors, 0 left on base; Pittsburgh 7 - Oklahoma 6 |
TOP OF THE 8TH |
Pittsburgh Panthers batting - Pitching for Oklahoma Sooners : LHP Mason Kaufman
|
Batting: SHB Sam Hicks
|
0-0: DOUBLE (Line Drive, 89XD) - OUT at third base trying to stretch hit.
|
Batting: RHB Roy Stevens
|
0-0: Ball 1-0: Swinging Strike 1-1: Ball 2-1: Ball 3-1: Base on Balls
|
Batting: LHB Jason Cooke
|
0-0: SINGLE (Groundball, 4) (infield hit) Roy Stevens to second
|
Batting: SHB Ward Jacobs
|
0-0: Ball 1-0: Ball 2-0: Called Strike 2-1: Foul Ball, location: 2F 2-2: DOUBLE (Groundball, 5L) Roy Stevens scores Jason Cooke to third Runner from 3rd tries for Home, SAFE, no throw
|
Batting: RHB David Leslie
|
0-0: Intentional Walk
|
Pitching: RHP Jason Williamson
|
|
Batting: SHB Rick Vargas
|
0-0: Ball 1-0: Ball 2-0: Ball 3-0: Called Strike 3-1: Base on Balls Ward Jacobs to third David Leslie to second
|
Pinch Hitting: LHB Jeffrey Davis
|
0-0: Foul Ball, location: 2F 0-1: Ball 1-1: Ball 2-1: Ball 3-1: Swinging Strike 3-2: Fly out, F9 (Flyball, 89D) Runner from 3rd tags up, SCORES, throw made
|
Batting: SHB Jackson Clark
|
0-0: Called Strike 0-1: Fielders Choice at 2nd, 6-4 (Groundball, 6)
|
Top of the 8th over - 3 runs, 3 hits, 0 errors, 2 left on base; Pittsburgh 10 - Oklahoma 6 |
BOTTOM OF THE 8TH |
Oklahoma Sooners batting - Pitching for Pittsburgh Panthers : RHP José García
|
Now in CF: Peter Hanna
|
|
Batting: LHB Bryce Walton
|
0-0: Called Strike 0-1: Called Strike 0-2: Ball 1-2: DOUBLE (Flyball, 8LXD)
|
Batting: LHB Joe Dunn
|
0-0: Foul Ball, location: 2F 0-1: Called Strike 0-2: Ball 1-2: Foul Ball, location: 2F 1-2: Strikes out swinging
|
Pitching: LHP Richard Akers
|
|
Batting: RHB Joe Hughes
|
0-0: Called Strike 0-1: Called Strike 0-2: Ball 1-2: Ball 2-2: Strikes out swinging
|
Batting: RHB Curt Brown
|
0-0: Ball 1-0: Called Strike 1-1: Ball 2-1: Fly out, F7 (Flyball, 7S)
|
Bottom of the 8th over - 0 runs, 1 hit, 0 errors, 1 left on base; Pittsburgh 10 - Oklahoma 6 |
TOP OF THE 9TH |
Pittsburgh Panthers batting - Pitching for Oklahoma Sooners : RHP Jason Williamson
|
Batting: RHB Dewey Tyree
|
0-0: Called Strike 0-1: Ball 1-1: Swinging Strike 1-2: Ball 2-2: Strikes out looking
|
Batting: SHB Sam Hicks
|
0-0: Called Strike 0-1: Called Strike 0-2: Ground out U3 (Groundball, 3L)
|
Batting: RHB Roy Stevens
|
0-0: Called Strike 0-1: Called Strike 0-2: Foul Ball, location: 2F 0-2: Strikes out looking
|
Top of the 9th over - 0 runs, 0 hits, 0 errors, 0 left on base; Pittsburgh 10 - Oklahoma 6 |
BOTTOM OF THE 9TH |
Oklahoma Sooners batting - Pitching for Pittsburgh Panthers : LHP Richard Akers
|
Batting: RHB Irving MacIntyre
|
0-0: Ball 1-0: Ball 2-0: Foul Ball, location: 2F 2-1: Foul Ball, location: 2F 2-2: SINGLE (Line Drive, 34)
|
Batting: RHB Matt Snow
|
0-0: DOUBLE (Line Drive, 7LS) Irving MacIntyre to third
|
Pitching: RHP Arturo Martínez
|
|
Batting: RHB Joe Daybell
|
0-0: Ground out 5-3 (Groundball, 56) Irving MacIntyre scores
|
Batting: LHB Mark Smith
|
0-0: Called Strike 0-1: Ball 1-1: Ball 2-1: Swinging Strike 2-2: Strikes out looking
|
Batting: RHB Bryant Caldwell
|
0-0: Ball 1-0: Foul Ball, location: 2F 1-1: Ball 2-1: Ball 3-1: Base on Balls
|
Batting: LHB Bryce Walton
|
0-0: Ball 1-0: Ball 2-0: Swinging Strike 2-1: Ball 3-1: Called Strike 3-2: Foul Ball, location: 2F 3-2: Base on Balls Matt Snow to third Bryant Caldwell to second
|
Batting: LHB Joe Dunn
|
0-0: Ball 1-0: Fly out, F4 (Line Drive, 4)
|
Bottom of the 9th over - 1 run, 2 hits, 0 errors, 3 left on base; Pittsburgh 10 - Oklahoma 7 |
|